 Dungeon Crawl Stone Soup version 0.30-a0-782-ge64f9170bb (webtiles) character file.

Game seed: 1193359710328987803

8394 mopl the Covert (level 11, -6/52 HPs)
             Began as a Vine Stalker Enchanter on Mar 8, 2023.
             Was an Elder of Dithmenos.
             Shot with an arrow by a centaur warrior (16 damage)
             ... on level 10 of the Dungeon.
             The game lasted 00:17:36 (8768 turns).

mopl the Covert (Vine Stalker Enchanter)            Turns: 8768, Time: 00:17:37

Health: -6/52      AC:  8    Str: 12    XL:     11   Next: 30%
Magic:  0/22       EV: 13    Int: 19    God:    Dithmenos [****..]
Gold:   277        SH:  0    Dex: 14    Spells: 13/24 levels left

rFire   . . .      SeeInvis +    a - +1 dagger (venom)
rCold   . . .      Faith    .    j - orb {guile}
rNeg    . . .      Spirit   +    N - +0 steam dragon scales
rPois   .          Reflect  .    s - +0 helmet
rElec   .          Harm     .    (no cloak)
rCorr   .          Rampage  .    x - +0 pair of gloves
Will    .....                    L - +0 pair of boots
Stlth   +++++++                  (no amulet)
HPRegen 1.08/turn                m - ring of willpower
MPRegen 0.18/turn                B - ring of see invisible

@: about to teleport, very slightly contaminated, wreathed by umbra
A: fangs 3, regeneration 1, magic shield, antimagic bite, no potion heal 2
a: Renounce Religion, Shadow Step


You were on level 10 of the Dungeon.
You worshipped Dithmenos.
Dithmenos was greatly pleased with you.
You visited 1 branch of the dungeon, and saw 10 of its levels.

You collected 484 gold pieces.
You spent 207 gold pieces at shops.

Inventory:

Hand Weapons
 a - a +1 dagger of venom (weapon)
 b - a +4 dagger
 J - a +0 dagger of draining
Missiles
 e - 5 silver javelins
 g - 2 curare-tipped darts
 q - 22 poisoned darts
 r - 4 javelins
 z - 12 boomerangs
 C - 3 throwing nets
Armour
 j - an orb of guile (worn)
 s - a +0 helmet (worn)
 x - a +0 pair of gloves (worn)
 H - a +2 leather armour of fire resistance
 L - a +0 pair of boots (worn)
 N - +0 steam dragon scales (worn)
 O - a +2 robe of willpower
Jewellery
 h - a ring of flight
 i - a ring of protection from fire
 m - a ring of willpower (left hand)
 B - a ring of see invisible (right hand)
 D - a ring of wizardry
 K - a ring of positive energy
Wands
 F - a wand of digging (5)
Scrolls
 d - 13 scrolls of teleportation
 k - 2 scrolls of enchant armour {unknown}
 o - 4 scrolls of vulnerability {unknown}
 p - 3 scrolls of fog {unknown}
 v - a scroll of amnesia {unknown}
 w - a scroll of fear
 y - a scroll of enchant weapon {unknown}
 A - 2 scrolls of identify
 I - a scroll of noise {unknown}
 M - 2 scrolls of silence {unknown}
Potions
 c - 3 potions of invisibility
 f - 3 potions of heal wounds
 l - 4 potions of curing
 n - 4 potions of lignification {!q}
 t - a potion of haste
 u - 2 potions of mutation {!q}
 E - a potion of brilliance
 G - a potion of ambrosia


   Skills:
 + Level 3.1 Fighting
 + Level 7.2 Short Blades
 + Level 3.1 Throwing
 + Level 3.3 Dodging
 + Level 10.9 Stealth
 - Level 7.2 Spellcasting
 + Level 8.4 Hexes
 + Level 3.4 Invocations
 + Level 3.1 Evocations


You had 13 spell levels left.
You knew the following spells:

 Your Spells              Type           Power      Damage    Failure   Level
b - Ensorcelled Hibernat  Hex/Ice        44%        N/A       2%          2
c - Confusing Touch       Hex            38%        N/A       1%          3
d - Tukima's Dance        Hex            38%        N/A       1%          3
f - Dazzling Flash        Conj/Hex       44%        N/A       5%          3

Your spell library contained the following spells:

 Spells                   Type           Power      Damage    Failure   Level
 Conjure Ball Lightning   Conj/Air       3%         3x3d6     100%        6
 Discord                  Hex            19%        N/A       100%        8
 Disjunction              Tloc           3%         N/A       100%        8


Dungeon Overview and Level Annotations

Branches:
Dungeon (10/15)            Temple (0/1) D:5            Lair (0/5) D:10
    Orc: D:9-12

Altars:
Dithmenos
Elyvilon
Hepliaklqana
Qazlal
Ru
Sif Muna
Wu Jian
Zin
The Shining One

Shops:
D:4 ?   D:5 ?

Annotations:
D:6 1 runed translucent door, ThereIsNoGod's ghost, novice OpFi


Innate Abilities, Weirdness & Mutations

You have razor-sharp teeth.
Your natural rate of healing is unusually fast.
When hurt, damage is shared between your health and your magic reserves.
Your bite disrupts and absorbs the magic of your enemies.
Potions cannot restore your health.


Message History

Okay, then.
Casting: Ensorcelled Hibernation (safe; 2% risk of failure)
Confirm with . or Enter, or press ? or * to list all spells.
Casting: Dazzling Flash (dangerous; 5% risk of failure)
Press: ? - help, Dir - look around, f - activate
Okay, then.
The centaur warrior unwields a +0 shortbow.
The centaur warrior wields a +0 quarterstaff.
The centaur warrior barely misses you.
The centaur warrior kicks you but does no damage.
Casting: Dazzling Flash (dangerous; 5% risk of failure)
Confirm with . or Enter, or press ? or * to list all spells.
Casting: Dazzling Flash (dangerous; 5% risk of failure)
Press: ? - help, Dir - look around, f - activate The centaur warrior hits you with a +0 quarterstaff!
The centaur warrior kicks you but does no damage.
Unknown command.
Unknown command.
Casting: Dazzling Flash (dangerous; 5% risk of failure)
Confirm with . or Enter, or press ? or * to list all spells.
Casting: Dazzling Flash (dangerous; 5% risk of failure)
Press: ? - help, Dir - look around, f - activate You miscast Dazzling Flash.
You are very lightly contaminated with residual magic.
Nothing appears to happen.
The centaur warrior hits you with a +0 quarterstaff!
* * * LOW HITPOINT WARNING * * *
The centaur warrior kicks you but does no damage.
The centaur warrior closely misses you.
The centaur warrior kicks you but does no damage.
Unknown command.
Okay, then.
As you read the scroll of teleportation, it crumbles to dust.
You feel strangely unstable. The centaur warrior misses you.
The centaur warrior kicks you.
* * * LOW HITPOINT WARNING * * *
The centaur warrior unwields a +0 quarterstaff.
The centaur warrior wields a +0 shortbow.
The centaur warrior shoots an arrow.
The arrow hits you!
You die...

........)#....#...
..######....#.O{ ..
.......#..) . #.....#.##
. ...#.....#.## #. #####
#.......#... #.#
#...###...##.##### #..#
#...#........#####
#..##@..#.#.#####.....
#Oc....#.#.# #..####
####.###.#)# #.#####
#######.###.#.# ##..[...
............#.###.......
########...##)##........
###.......#......
####..######### #.##


You could see a centaur warrior and an ogre mage (invisible).

Vanquished Creatures
  Harold (D:10)
  A two-headed ogre (D:10)
  A skeletal warrior (D:10)
  2 kobold demonologists
  Psyche (D:9)
  A troll (D:10)
  6 yaks
  2 wyverns
  A wraith (D:9)
  4 steam dragons
  Edmund (D:6)
  Duvessa (D:7)
  An acid dragon (D:9)
  3 black bears
  3 orc warriors
  2 sky beasts
  An ogre (D:5)
  A centaur (D:9)
  4 kobold brigands
  A bullfrog (D:7)
  2 scorpions
  4 necrophages
  10 wights
  Dowan (D:7)
  3 howler monkeys
  2 jellies (D:6)
  A hound (D:2)
  5 orc priests
  2 gnoll boudas
  10 orc wizards
  8 gnolls
  5 adders
  4 shadow imps
  4 white imps
  A worm (D:2)
  5 dart slugs
  26 orcs
  7 bats
  5 endoplasms
  7 giant cockroaches
  4 hobgoblins
  6 jackals
  22 kobolds
  5 quokkas
  8 ball pythons
  4 goblins
  5 rats
204 creatures vanquished.

Vanquished Creatures (collateral kills)
  An orc warrior (D:6)
  5 wights
6 creatures vanquished.

Vanquished Creatures (others)
  4 dancing weapons
  A goblin (D:3)
  2 demonic plants (D:8)
  6 plants (D:5)
13 creatures vanquished.

Grand Total: 223 creatures vanquished

Notes
Turn   | Place    | Note
-------+----------+-------------------------------------------
     0 | D:1      | mopl the Vine Stalker Enchanter began the quest for the
                  | Orb.
     0 | D:1      | Reached XP level 1. HP: 9/9 MP: 4/4
   129 | D:1      | Reached skill level 1 in Short Blades
   188 | D:1      | Reached XP level 2. HP: 11/13 MP: 3/6
   198 | D:1      | Learned a level 2 spell: Ensorcelled Hibernation
   488 | D:1      | Reached skill level 4 in Stealth
   611 | D:1      | Reached XP level 3. HP: 10/16 MP: 4/7
   867 | D:2      | Learned a level 3 spell: Confusing Touch
  1161 | D:2      | Gained mutation: Your natural rate of healing is unusually
                  | fast. [Vine Stalker growth]
  1161 | D:2      | Reached XP level 4. HP: 21/21 MP: 9/9
  1165 | D:2      | Learned a level 3 spell: Tukima's Dance
  1296 | D:2      | Found a faded altar of an unknown god.
  1774 | D:3      | Reached skill level 2 in Short Blades
  1788 | D:3      | Found a shimmering blue altar of Sif Muna.
  1837 | D:3      | Reached skill level 3 in Spellcasting
  1907 | D:3      | Found a shadowy altar of Dithmenos.
  1969 | D:3      | Became a worshipper of Dithmenos the Shadowed
  2260 | D:4      | Found Zin's Purification Station.
  2277 | D:4      | Found a glowing silver altar of Zin.
  2288 | D:4      | Reached XP level 5. HP: 24/24 MP: 7/10
  2304 | D:4      | Bought a potion of curing for 90 gold pieces
  2495 | D:4      | Found an ornate altar of the Wu Jian Council.
  2530 | D:4      | Reached skill level 5 in Stealth
  2574 | D:4      | Reached skill level 4 in Hexes
  2626 | D:4      | Found a sacrificial altar of Ru.
  2698 | D:4      | Found Hojo's Magic Scroll Boutique.
  2701 | D:4      | Bought a scroll of identify for 26 gold pieces
  2701 | D:4      | Bought a scroll of teleportation for 39 gold pieces
  2701 | D:4      | Bought a scroll of fear for 52 gold pieces
  2727 | D:5      | Entered Level 5 of the Dungeon
  2792 | D:5      | Reached XP level 6. HP: 28/28 MP: 12/12
  2816 | D:5      | Found a staircase to the Ecumenical Temple.
  2877 | D:5      | Found a white marble altar of Elyvilon.
  3091 | D:5      | Found Mejoweh's Magic Scroll Shoppe.
  3316 | D:5      | Reached skill level 3 in Short Blades
  3342 | D:5      | Found a large runed translucent door.
  3344 | D:5      | Found a large runed translucent door.
  3500 | D:5      | Found a hazy altar of Hepliaklqana.
  3505 | D:5      | Reached skill level 4 in Spellcasting
  3505 | D:5      | Reached XP level 7. HP: 32/32 MP: 12/14
  3513 | D:5      | Found a stormy altar of Qazlal.
  3519 | D:5      | Reached * piety under Dithmenos
  3714 | D:6      | Reached skill level 6 in Stealth
  3956 | D:6      | Found a runed translucent door.
  3987 | D:6      | Noticed ThereIsNoGod's ghost (novice OpFi)
  4014 | D:6      | Reached skill level 5 in Hexes
  4087 | D:6      | Noticed Edmund
  4128 | D:6      | Killed Edmund
  4129 | D:6      | Reached skill level 4 in Short Blades
  4129 | D:6      | Gained mutation: You have razor-sharp teeth. [Vine Stalker
                  | growth]
  4129 | D:6      | Reached XP level 8. HP: 29/36 MP: 3/16
  4143 | D:6      | Reached skill level 5 in Spellcasting
  4258 | D:6      | Reached skill level 7 in Stealth
  4977 | D:7      | Reached ** piety under Dithmenos
  4978 | D:7      | Reached skill level 6 in Hexes
  5029 | D:7      | Reached skill level 8 in Stealth
  5238 | D:6      | Reached skill level 5 in Short Blades
  5249 | D:6      | Reached XP level 9. HP: 12/39 MP: 12/18
  5286 | D:6      | Reached skill level 6 in Spellcasting
  5312 | D:6      | Found a runed translucent door.
  5760 | D:7      | Noticed Duvessa
  5762 | D:7      | Noticed Dowan
  5986 | D:7      | Killed Duvessa
  6000 | D:7      | Killed Dowan
  6310 | D:7      | Reached skill level 9 in Stealth
  6310 | D:7      | Reached skill level 7 in Hexes
  6608 | D:8      | Learned a level 3 spell: Dazzling Flash
  6661 | D:8      | Reached skill level 6 in Short Blades
  6737 | D:8      | Reached skill level 7 in Spellcasting
  6786 | D:8      | Reached *** piety under Dithmenos
  7170 | D:8      | Reached XP level 10. HP: 42/44 MP: 17/21
  7625 | D:9      | Reached skill level 1 in Fighting
  7625 | D:9      | Reached skill level 1 in Throwing
  7625 | D:9      | Reached skill level 10 in Stealth
  7625 | D:9      | Reached skill level 1 in Invocations
  7625 | D:9      | Reached skill level 1 in Evocations
  7667 | D:9      | Reached skill level 2 in Dodging
  7788 | D:9      | Found a glowing golden altar of the Shining One.
  8014 | D:10     | Entered Level 10 of the Dungeon
  8227 | D:10     | Reached skill level 2 in Throwing
  8227 | D:10     | Reached skill level 8 in Hexes
  8227 | D:10     | Reached skill level 2 in Invocations
  8229 | D:10     | Reached skill level 2 in Fighting
  8229 | D:10     | Reached skill level 2 in Evocations
  8282 | D:10     | Found a staircase to the Lair.
  8293 | D:10     | Noticed a kobold demonologist
  8294 | D:10     | Noticed a kobold demonologist
  8321 | D:10     | Noticed Harold
  8327 | D:10     | Killed Harold
  8341 | D:9      | Killed a kobold demonologist
  8341 | D:9      | Reached **** piety under Dithmenos
  8342 | D:9      | Reached XP level 11. HP: 41/51 MP: 19/22
  8363 | D:10     | Reached skill level 7 in Short Blades
  8368 | D:10     | Reached skill level 3 in Dodging
  8368 | D:10     | Reached skill level 3 in Invocations
  8402 | D:10     | Found the +16 obsidian axe {drain, demonic, Mesm Drain Fly
                  | SInv}
  8403 | D:10     | Noticed Psyche
  8403 | D:10     | Noticed an ogre mage
  8404 | D:10     | Noticed a skeletal warrior
  8405 | D:10     | Noticed a manticore
  8407 | D:10     | Noticed a two-headed ogre
  8428 | D:9      | Paralysed by something for 3 turns
  8438 | D:9      | Killed Psyche
  8689 | D:10     | Killed a skeletal warrior
  8690 | D:10     | Reached skill level 3 in Fighting
  8697 | D:10     | Killed a two-headed ogre
  8698 | D:10     | Reached skill level 3 in Throwing
  8698 | D:10     | Reached skill level 3 in Evocations
  8758 | D:10     | Noticed a centaur warrior
  8768 | D:10     | Shot with an arrow by a centaur warrior

Illustrated notes

Levels and vault maps discovered:
D:1:      evilmike_arrival_hilbert_curve, layout_basic, serial_curves,
          eino_curves_02, eino_curves_04, corner_web_ring
D:2:      layout_basic, ebering_ecumenical_altar_rust
D:3:      layout_basic, old_standard_altar, mainiacjoe_overflow_alcove_1
D:4:      layout_cave_pools, zin_purify, marbit_many_paths,
          mainiacjoe_overflow_boulevard, serial_shops,
          nicolae_shop_behind_doors, kennysheep_generic_room_2
D:5:      layout_basic, nicolae_elyvilon_temple_path, jmf_multi_god_temple2,
          minmay_temple_entry_trees, serial_shops, shop, kennysheep_nondescript
D:6:      layout_basic, ebering_ghost_sewer_d, uniq_edmund
D:7:      layout_cave_pools, uniq_duvessa
D:8:      layout_loops_ring, serial_demonic, serial_demonic_d, serial_demonic_d,
          serial_demonic_e, serial_demonic_a
D:9:      layout_irregular_city, mainiacjoe_overflow_brackets
D:10:     minmay_cut_squares, layout_basic, lair_entry_dummy, minmay_liquid_box,
          grunt_ministairs_13, uniq_harold, uniq_psyche

Skill      XL: |  1  2  3  4  5  6  7  8  9 10 11 |
---------------+----------------------------------+-----
Short Blades   | 1 2 3 4 5 6 7 |  7.2
Stealth        | 4 5 6 8 9 10 | 10.9
Spellcasting   | 3 4 5 7 |  7.2
Hexes          | 4 5 6 7 8 |  8.4
Fighting       | 2 3 |  3.1
Throwing       | 2 3 |  3.1
Invocations    | 2 3 |  3.4
Evocations     | 2 3 |  3.1
Dodging        | 2 3 |  3.3

Action                     |  1- 3 |  4- 6 |  7- 9 | 10-12 || total
---------------------------+-------+-------+-------+-------++-------
  Melee: Dagger            |   121 |   127 |   358 |   112 ||   718
         Bite              |    32 |    43 |   109 |    29 ||   213
         Punch             |     1 |       |       |       ||     1
   Cast: Ensorcelled Hiber |       |     5 |    45 |    38 ||    88
         Confusing Touch   |       |     1 |    11 |     2 ||    14
         Tukima's Dance    |       |       |    17 |     4 ||    21
         Dazzling Flash    |       |       |       |     4 ||     4
    Use: Scroll            |       |     4 |     3 |     1 ||     8
         Potion            |       |       |     2 |       ||     2
   Stab: Sleeping          |     4 |    18 |    39 |    29 ||    90
         Confused          |       |     1 |     6 |     2 ||     9
         Distracted        |       |       |     3 |     1 ||     4
 Armour: Robe              |    12 |    19 |    72 |       ||   103
         Steam dragon scal |       |       |       |    29 ||    29
  Dodge: Dodged            |    74 |    75 |   214 |    84 ||   447

Table legend: (Time is in decaauts)
 A = Elapsed time spent in this place.
 B = Non-inter-level travel time spent in this place.
 C = Inter-level travel time spent in this place.
 D = Time resting spent in this place.
 E = Time spent auto-exploring this place.
 F = Levels seen in this place.
 G = Mean time per level.
                   A        B        C        D        E       F      G
               +--------+--------+--------+--------+--------+-----+--------+
         Total |   8644 |   8278 |    366 |   1027 |   5092 |  10 |  864.4 |
       Dungeon |   8644 |   8278 |    366 |   1027 |   5092 |  10 |  864.4 |
               +--------+--------+--------+--------+--------+-----+--------+

Top non-repeatable levels by time:
     D:6: 1671 daAuts
     D:5: 1280 daAuts
     D:9: 937 daAuts
     D:7: 868 daAuts
     D:1: 814 daAuts
     D:8: 791 daAuts
     D:2: 731 daAuts
     D:3: 610 daAuts
     D:4: 550 daAuts
    D:10: 387 daAuts
